 Dungeon Crawl Stone Soup version 0.30-a0-358-g0d69a1922f (webtiles) character file.

Game seed: 5719768755549233804

25 ryw the Caller (level 2, 0/15 HPs)
             Began as a Deep Elf Summoner on Nov 8, 2022.
             Slain by an adder (2 damage)
             ... on level 2 of the Dungeon.
             The game lasted 00:02:09 (999 turns).

ryw the Caller (Deep Elf Summoner)                   Turns: 999, Time: 00:02:10

Health: 0/15       AC:  3    Str:  4 (5)  XL:     2   Next: 86%
Magic:  5/9        EV: 12    Int: 17 (19) God:
Gold:   59         SH:  0    Dex: 13 (15) Spells: 6/9 levels left

rFire   . . .      SeeInvis .    f - +0 dagger
rCold   . . .      Faith    .    (no shield)
rNeg    . . .      Spirit   .    a - +1 robe
rPois   .          Reflect  .    (no helmet)
rElec   .          Harm     .    (no cloak)
rCorr   .          Rampage  .    (no gloves)
Will    .....                    (no boots)
Stlth   ++........               (no amulet)
HPRegen 0.22/turn                (no ring)
MPRegen 0.11/turn                (no ring)

@: lethally poisoned (0 -> -7)
A: no striking features
a: no special abilities


You were on level 2 of the Dungeon.
You visited 1 branch of the dungeon, and saw 2 of its levels.

You collected 59 gold pieces.

Inventory:

Hand Weapons
 f - a +0 dagger (weapon)
Armour
 a - a +1 robe (worn)
Scrolls
 d - a scroll of enchant armour
Potions
 b - a potion of magic
 e - a potion of lignification


   Skills:
 - Level 2.4 Dodging
 - Level 2.4 Stealth
 + Level 4.0 Spellcasting
 + Level 4.9 Summonings


You had 6 spell levels left.
You knew the following spells:

 Your Spells              Type           Power      Damage    Failure   Level
a - Summon Small Mammal   Summ           80%        N/A       1%          1
b - Call Imp              Summ           20%        N/A       3%          2

Your spell library contained the following spells:

 Spells                   Type           Power      Damage    Failure   Level
 Call Canine Familiar     Summ           20%        N/A       6%          3
 Summon Guardian Golem    Hex/Summ       11%        N/A       17%         3
 Summon Lightning Spire   Summ/Air       11%        N/A       50%         4


Dungeon Overview and Level Annotations

Branches:
Dungeon (2/15)

Altars:


Message History

The adder hisses angrily.
The hobgoblin shouts!
The hobgoblin barely misses your white imp.
Your white imp hits the hobgoblin.
Your white imp freezes the hobgoblin.
The hobgoblin dies!
Your quokka closely misses the adder.
Your Spellcasting skill increases to level 4!
Your quokka bites the plant.
The plant begins to die.
Your quokka completely misses the adder.
Found 2 poisoned darts.
A nearby plant withers and dies.
You hit the adder.
The adder is moderately wounded.
The adder bites you.
You are poisoned.
The adder poisons you!
Your white imp gestures at the adder.
The puff of frost misses the adder.
You hit the adder but do no damage.
The adder is moderately wounded.
You feel sick. The adder bites you.
Your quokka completely misses the adder.
The adder bites you.
Your quokka barely misses the adder.
Unknown command.
You closely miss the adder.
The adder is moderately wounded.
You feel sick.
Your quokka bites the adder.
The adder barely misses you.
Your quokka closely misses the adder.
You hit the adder but do no damage.
The adder is moderately wounded.
You feel sick.
Your quokka barely misses the adder.
The adder bites you.
* * * LOW HITPOINT WARNING * * *
You are lethally poisoned!
The adder poisons you!
Your quokka misses the adder.
Unknown command.
It was a potion of degeneration.
There was something very wrong with that liquid.
You feel weakened.
You feel dopey.
You feel clumsy.
* * * LOW HITPOINT WARNING * * *
You feel sick. The adder barely misses you.
Your quokka closely misses the adder. x2; The adder bites you.
You die...

.....~~~≈~....#.#
#.P.~~≈~....P..#
#.....~~≈P.....#
#..PP..♣~....#.##
#...P....P..P#..#
#.......####.#####
#.####5#######
#.....# #....rSr#
#####.# ######@.#
#.# .........#
##.# #######..#
##<.# #..# ##....
#..# #..... #..#
##.... .(.# ##.##
#.## #.# #.#


You could see an adder (ally target), a friendly white imp (summoned) and 2
friendly quokkas.

Vanquished Creatures
  A bat (D:1)
1 creature vanquished.

Vanquished Creatures (collateral kills)
  2 dart slugs (D:1)
  2 ball pythons (D:1)
  3 endoplasms (D:1)
  2 goblins (D:1)
  2 hobgoblins
  2 quokkas (D:1)
  2 frilled lizards (D:1)
  2 kobolds (D:1)
17 creatures vanquished.

Vanquished Creatures (others)
  A plant (D:2)
1 creature vanquished.

Grand Total: 19 creatures vanquished

Notes
Turn   | Place    | Note
-------+----------+-------------------------------------------
     0 | D:1      | ryw the Deep Elf Summoner began the quest for the Orb.
     0 | D:1      | Reached XP level 1. HP: 10/10 MP: 6/6
   214 | D:1      | Reached XP level 2. HP: 15/15 MP: 5/8
   217 | D:1      | Learned a level 2 spell: Call Imp
   999 | D:2      | Slain by an adder

Illustrated notes

Levels and vault maps discovered:
D:1:      lemuel_arrival_muddy, layout_loops_ring
D:2:      layout_loops_ring, hangedman_decor_points, guppyfry_early_lair_pool

Skill      XL: |  1  2 |
---------------+-------+-----
Spellcasting   | 4 |  4.0
Dodging        | |  2.4
Stealth        | |  2.4
Summonings     | |  4.9

Action                   || total
-------------------------++-------
Melee: Unarmed           ||     2
       Dagger            ||     9
 Cast: Summon Small Mamm ||    22
       Call Imp          ||     6
  Use: Scroll            ||     4
       Potion            ||     1
Armor: Robe              ||     1
Dodge: Dodged            ||     6

Table legend: (Time is in decaauts)
 A = Elapsed time spent in this place.
 B = Non-inter-level travel time spent in this place.
 C = Inter-level travel time spent in this place.
 D = Time resting spent in this place.
 E = Time spent auto-exploring this place.
 F = Levels seen in this place.
 G = Mean time per level.
                   A        B        C        D        E       F      G
               +--------+--------+--------+--------+--------+-----+--------+
         Total |   1000 |    986 |     14 |     26 |    772 |   2 |  500.0 |
       Dungeon |   1000 |    986 |     14 |     26 |    772 |   2 |  500.0 |
               +--------+--------+--------+--------+--------+-----+--------+

Top non-repeatable levels by time:
     D:1: 956 daAuts
     D:2: 43 daAuts
